AoeStats
← Seedfo

Arabia

506044879Analyzed
1v1 RM · 22d ago on Sep 12, 2026· 28m 39s· 2 players
Game mode
Random Map
Map size
Tiny (2 player)
Population
200
Speed
Normal
Resources
Standard
Victory
Conquest
Starting age
Dark Age
Ending age
Imperial Age
RankedLock teamsTeams togetherTeam positionsShared explorationLock speedFull tech treeHidden civsTurbo modeCheats
Victory
Defeat
🇺🇸 Teutons · United States
523
+18
🇺🇸 Celts · United States
558
-18
Seedfo
10:36 Feudal Age
17:16 Castle Age
19:44 Squires
21:06 Forging
20:59 Arson
27:39 Scale Mail Armor
[©α]BARCH
13:08 Feudal Age
13:50 Loom
14:48 Wheelbarrow
14:10 Double-Bit Axe
14:08 Horse Collar
21:42 Castle Age
20:17 Forging
20:08 Scale Mail Armor
23:05 Man-at-Arms
23:32 Arson
27:23 Bow Saw
28:03 Long Swordsman
Connection lost

Rejoining the realm…

Still unreachable

The connection could not be restored.

Session expired

The server has moved on; the page needs a fresh start.